 Dungeon Crawl Stone Soup version 0.23.2-30-g0e89c35649 (webtiles) character file.

Game seed: 245135471599331529

27780 diana the Bludgeoner (level 13, 0/111 HPs)
             Began as a Gargoyle Berserker on June 8, 2019.
             Was a High Priest of Trog.
             Slain by a meliai simulacrum (6 damage)
             ... on level 13 of the Dungeon on June 9, 2019.
             The game lasted 00:23:28 (12200 turns).

diana the Bludgeoner (Gargoyle Berserker)          Turns: 12200, Time: 00:23:29

Health: 0/111      AC: 27    Str: 28    XL:     13   Next: 34%
Magic:  13/13      EV: 11    Int: 10    God:    Trog [*****.]
Gold:   1021       SH:  0    Dex: 19    Spells: 12/12 levels left

rFire    . . .     SeeInvis .   C - +6 whip of Gallantry {venom, rC+ Dex+5}
rCold    + . .     Gourm    .   (no shield)
rNeg     + . .     Faith    .   q - +0 plate armour
rPois    ∞         Spirit   .   (no helmet)
rElec    +         Reflect  .   U - +1 cloak {MR+}
rCorr    .         Harm     .   (no gloves)
MR       +....                  l - +0 pair of boots
Stlth    ..........             y - amulet of the acrobat (curse)
HPRegen  0.28/turn              h - +2 ring of protection
MPRegen  0.13/turn              T - +4 ring of dexterity

@: berserking, very quick
A: negative energy resistance 1, electricity resistance, unbreathing,
petrification resistance, rot immunity, AC +9
a: Berserk, Trog's Hand, Brothers in Arms, Renounce Religion


You were on level 13 of the Dungeon.
You worshipped Trog.
Trog was extremely pleased with you.
You were not hungry.

You visited 1 branch of the dungeon, and saw 13 of its levels.
You also visited: Ossuary.

You collected 1066 gold pieces.
You spent 45 gold pieces at shops.

Inventory:

Hand Weapons
 C - the +6 whip of Gallantry (weapon) {venom, rC+ Dex+5}
   (You found it on level 4 of the Dungeon)

   It poisons the flesh of those it strikes.
   It affects your dexterity (+5).
   It protects you from cold.
Armour
 l - a +0 pair of boots (worn)
 q - a +0 plate armour (worn)
 U - a +1 cloak of magic resistance (worn)
Jewellery
 h - a +2 ring of protection (left hand)
 n - an uncursed amulet of regeneration
 x - an uncursed ring of see invisible
 y - a cursed amulet of the acrobat (around neck)
 I - an uncursed ring of positive energy
 R - an uncursed amulet of magic regeneration {unknown}
 T - a +4 ring of dexterity (right hand)
Wands
 w - a wand of acid (1)
 A - a wand of enslavement (7)
 F - a wand of digging (2)
 G - a wand of disintegration (22)
 H - a wand of scattershot (6)
 L - a wand of clouds (6)
 P - a wand of flame (12)
Scrolls
 e - 5 scrolls of magic mapping
 g - 5 scrolls of teleportation {unknown}
 i - 2 scrolls of enchant weapon {unknown}
 k - 4 scrolls of random uselessness {unknown}
 m - a scroll of brand weapon {unknown}
 o - 3 scrolls of blinking {unknown}
 p - 7 scrolls of remove curse {unknown}
 r - 2 scrolls of enchant armour {unknown}
 s - a scroll of silence {unknown}
 t - 4 scrolls of amnesia {unknown}
 u - 7 scrolls of identify {unknown}
 B - 3 scrolls of fog {unknown}
 D - 2 scrolls of immolation {unknown}
 O - a scroll of fear {unknown}
 Q - a scroll of holy word {unknown}
Potions
 a - 2 potions of ambrosia {unknown}
 b - 5 potions of haste {unknown}
 d - 9 potions of curing {unknown}
 f - a potion of invisibility {unknown}
 j - 3 potions of agility {unknown}
 v - 2 potions of mutation {unknown}
 z - a potion of heal wounds {unknown}
 E - a potion of magic {unknown}
 J - a potion of cancellation {unknown}
 K - 2 potions of brilliance {unknown}
 M - a potion of might {unknown}
 N - 2 potions of resistance {unknown}
Comestibles
 c - 24 rations


   Skills:
 - Level 6.0 Fighting
 + Level 19.0 Maces & Flails
 - Level 6.0 Armour
 - Level 5.0 Dodging


You had 12 spell levels left.
You didn't know any spells.
Your spell library was empty.

Dungeon Overview and Level Annotations

Branches:
Dungeon (13/15)            Temple (0/1) D:4            Lair (0/6) D:11
    Orc (0/2) D:9
 Vaults: D:13-14

Altars:
Ashenzari
Cheibriados
Elyvilon
Fedhas
Hepliaklqana
Kikubaaqudgha
Makhleb
Nemelex Xobeh
Qazlal
Trog
Vehumet
Wu Jian
Xom
The Shining One

Shops:
D:9 ((   D:11 [   D:12 *

Annotations:
D:6 2 transporters, cab's ghost, novice GrEE


Innate Abilities, Weirdness & Mutations

You are resistant to torment.
Your stone body is resilient. (AC +9)
You are immune to poison.
You resist negative energy. (rN+)
You are resistant to electric shocks. (rElec)
You can survive without breathing.
You are immune to petrification.
You are immune to rotting.


Message History

The meliai simulacrum hits you but does no damage.
Unknown command.
You whack the titanic slime creature!
The titanic slime creature is moderately wounded.
Your ogre barely misses the titanic slime creature.
Unknown command.
You whack the titanic slime creature!
The titanic slime creature is heavily wounded.
The meliai simulacrum hits you but does no damage. x2
Unknown command.
You thrash the titanic slime creature!!
The titanic slime creature is heavily wounded.
Unknown command.
You hit the titanic slime creature.
The titanic slime creature is poisoned.
The titanic slime creature is heavily wounded.
The meliai simulacrum hits you but does no damage.
The meliai simulacrum hits you.
* * * LOW HITPOINT WARNING * * *
The meliai simulacrum freezes you. You resist.
You die...

#. ..###...###....#..##..#......
#(.#.#.#.#.#[#.#..#.)##..#......
#....##.#.#.##....#..##..#......
###..#.#.#..###.#..##.........
#...#)#.#.#...#.#..##.........
###).#.#.#..###.#..##.........
#....##.#.#.##....#..##.........
#..#.#[#.#.#.#.#JO#.............
#....###...###.@Z......†........
# ###...#.#...###......(........
#.#.#.#.#.###....##.....<...
..##...###...##..#..##.........
#............[..##..##.........
#####.###.....####..##.........
.......).....# #..##.........
########.....# #..##........#
#.....# #..#########..


You could see a titanic slime creature, a meliai simulacrum and a friendly ogre
(berserk).

Vanquished Creatures
  An ettin (D:13)
  A two-headed ogre (D:13)
  A death knight (D:13)
  An unseen horror (D:11)
  A deep elf mage (D:9)
  2 cyclopes (D:13)
  An ugly thing (D:12)
  An elephant (D:11)
  2 gargoyles (D:10)
  A yaktaur (shapeshifter) (D:13)
  A komodo dragon (D:10)
  A queen bee (D:13)
  A hornet (D:10)
  3 meliai (D:13)
  Grinder (D:3)
  5 trolls
  5 hippogriffs
  A shadow (D:11)
  A spriggan (D:7)
  A centaur simulacrum (D:10)
  12 yaks
  A wyvern (D:9)
  3 hungry ghosts
  A basilisk (D:11)
  A vampire mosquito (D:13)
  A water moccasin (D:10)
  8 orc warriors
  4 ice beasts
  4 phantoms
  3 black bears
  An eye of draining (D:11)
  4 ogres
  5 necrophages
  3 sky beasts
  7 centaurs
  2 big kobolds
  9 bullfrogs
  3 scorpions
  37 killer bees
  16 wights
  5 electric eels (D:12)
  4 howler monkeys
  8 crimson imps
  4 centaur zombies
  A quasit (D:11)
  A centaur skeleton (D:11)
  9 hounds
  4 jellies
  A bullfrog zombie (D:6)
  9 orc priests
  A bullfrog skeleton (D:9)
  16 orc wizards
  Ijyb (D:4)
  7 worker ants
  2 iguanas
  3 big kobold zombies (Ossuary)
  A hound zombie (D:10)
  6 mummies
  2 howler monkey skeletons
  A howler monkey zombie (D:11)
  3 gnolls (D:7)
  10 adders
  A shadow imp (D:9)
  5 oozes
  3 adder skeletons
  3 worms
  3 dart slugs (D:1)
  4 leopard geckos
  54 orcs
  8 bats
  4 giant cockroaches
  7 goblins
  7 hobgoblins
  8 jackals
  7 kobolds
  8 quokkas
  5 frilled lizards
  A quokka zombie (D:4)
  4 rats
  A rat zombie (D:4)
389 creatures vanquished.

Vanquished Creatures (collateral kills)
  Josephine (D:11)
  2 two-headed ogres
  A centaur warrior (D:13)
  An orc knight (D:11)
  2 ugly things (D:13)
  2 centaur zombies (D:12)
  3 cyclopes
  2 centaur skeletons
  A komodo dragon (D:10)
  A freezing wraith (D:13)
  A troll (D:12)
  A tengu conjurer (D:13)
  A hippogriff (D:10)
  4 water elementals (D:12)
  7 wraiths
  A vampire mosquito (D:12)
  4 orc warriors
  2 ice beasts
  A black bear (D:13)
  3 ogres
  A crocodile (D:11)
  3 killer bees (D:13)
  A wight (D:10)
  A howler monkey (D:13)
  A quasit (D:12)
  A jelly (D:12)
  A bullfrog zombie (D:12)
  3 orc priests (D:11)
  2 orc wizards
  2 bullfrog skeletons (D:12)
  5 orcs
  A kobold (D:12)
  A quokka (D:12)
64 creatures vanquished.

Vanquished Creatures (others)
  2 plants (D:12)
2 creatures vanquished.

Grand Total: 455 creatures vanquished

Notes
Turn   | Place    | Note
-------+----------+-------------------------------------------
     0 | D:1      | diana the Gargoyle Berserker began the quest for the Orb.
     0 | D:1      | Reached XP level 1. HP: 14/14 MP: 1/1
   111 | D:1      | Reached XP level 2. HP: 16/19 MP: 2/2
   659 | D:1      | Reached XP level 3. HP: 20/24 MP: 3/3
  1262 | D:2      | Reached ** piety under Trog
  1762 | D:3      | Reached XP level 4. HP: 29/29 MP: 4/4
  1881 | D:3      | Found a white marble altar of Elyvilon.
  1951 | D:3      | Noticed an ogre
  1960 | D:3      | Killed an ogre
  1960 | D:3      | Reached XP level 5. HP: 25/33 MP: 5/5
  2126 | D:3      | Reached skill level 4 in Maces & Flails
  2212 | D:3      | Noticed Grinder
  2252 | D:3      | Paralysed by Grinder for 7 turns
  2259 | D:3      | Killed Grinder
  2259 | D:3      | Reached XP level 6. HP: 29/40 MP: 6/6
  2757 | D:4      | Found a sand-covered staircase.
  2772 | Ossuary  | Entered an ossuary
  2782 | Ossuary  | Reached skill level 5 in Fighting
  2789 | Ossuary  | Reached XP level 7. HP: 27/44 MP: 7/7
  3063 | D:4      | Reached *** piety under Trog
  3068 | D:4      | Noticed Ijyb
  3271 | D:4      | Killed Ijyb
  3271 | D:4      | Reached skill level 5 in Maces & Flails
  3284 | D:4      | Found a staircase to the Ecumenical Temple.
  3289 | D:4      | Found a sparkling altar of Nemelex Xobeh.
  3500 | D:4      | Found a glowing golden altar of the Shining One.
  3514 | D:4      | Reached skill level 5 in Armour
  3631 | D:4      | Got an ivory whip
  3632 | D:4      | Identified the +6 whip of Gallantry {venom, rC+ Dex+5} (You
                  | found it on level 4 of the Dungeon)
  3809 | D:5      | Entered Level 5 of the Dungeon
  3813 | D:5      | Reached XP level 8. HP: 51/51 MP: 8/8
  4305 | D:5      | Reached skill level 6 in Maces & Flails
  4700 | D:5      | Got an encrusted war axe
  4701 | D:5      | Identified the +3 war axe "diana's Curse" {chop, rElec
                  | Int+3 Stlth-} (You found it on level 5 of the Dungeon)
  4818 | D:6      | Reached skill level 5 in Dodging
  4824 | D:6      | Reached **** piety under Trog
  4846 | D:6      | Reached skill level 7 in Maces & Flails
  4887 | D:6      | Reached XP level 9. HP: 50/55 MP: 9/9
  4911 | D:6      | Found a blossoming altar of Fedhas.
  4911 | D:6      | Found a stormy altar of Qazlal.
  4911 | D:6      | Found an ornate altar of the Wu Jian Council.
  4912 | D:6      | Found a white marble altar of Elyvilon.
  4912 | D:6      | Found a snail-covered altar of Cheibriados.
  4913 | D:6      | Found an ancient bone altar of Kikubaaqudgha.
  4913 | D:6      | Found a shattered altar of Ashenzari.
  4941 | D:6      | Found a bloodstained altar of Trog.
  5003 | D:6      | Reached skill level 8 in Maces & Flails
  5061 | D:6      | Noticed a queen bee
  5071 | D:6      | Noticed a hornet
  5080 | D:6      | Noticed cab's ghost (novice GrEE)
  5117 | D:6      | Found a transporter.
  5117 | D:6      | Found a transporter.
  5291 | D:6      | Found a burning altar of Makhleb.
  5292 | D:6      | Found a radiant altar of Vehumet.
  5494 | D:7      | Reached skill level 9 in Maces & Flails
  5699 | D:7      | Reached skill level 10 in Maces & Flails
  5958 | D:7      | Got a polished leather armour
  5969 | D:7      | Identified the +2 leather armour of Brilliance {rF+ Str+2
                  | Dex-2} (You found it on level 7 of the Dungeon)
  6043 | D:8      | Reached ***** piety under Trog
  6043 | D:8      | Reached XP level 10. HP: 60/60 MP: 10/10
  6233 | D:8      | Found a shimmering altar of Xom.
  6234 | D:8      | Found a hazy altar of Hepliaklqana.
  6235 | D:8      | Noticed a spectral ugly thing
  6323 | D:8      | Found a snail-covered altar of Cheibriados.
  6712 | D:9      | Reached skill level 11 in Maces & Flails
  6801 | D:9      | Noticed a deep elf mage
  6827 | D:9      | Killed a deep elf mage
  6827 | D:9      | Reached skill level 12 in Maces & Flails
  6937 | D:9      | Received a gift from Trog
  6962 | D:9      | Found a staircase to the Orcish Mines.
  7087 | D:9      | Found Mocroasan's Antique Weapon Emporium.
  7223 | D:9      | Found Kemi Nuu's Antique Weapon Emporium.
  7551 | D:9      | Reached skill level 13 in Maces & Flails
  7644 | D:10     | Entered Level 10 of the Dungeon
  7718 | D:10     | Reached XP level 11. HP: 50/64 MP: 11/11
  7807 | D:10     | Reached skill level 14 in Maces & Flails
  8173 | D:10     | Noticed a cyclops
  8190 | D:10     | Killed a cyclops
  8193 | D:10     | Got a distressingly furry chain mail
  8197 | D:10     | Found the +5 pair of quick blades "Gyre" and "Gimble"
                  | {pierce, Dex-3}
  8202 | D:10     | Identified the Incunabulum of Beguiling and Summoning
  8227 | D:10     | Identified the +1 chain mail of Baldness {MR- Int+5} (You
                  | found it on level 10 of the Dungeon)
  8278 | D:10     | Reached skill level 15 in Maces & Flails
  8824 | D:11     | Noticed an orc knight
  8840 | D:11     | Killed an orc knight
  8923 | D:11     | Noticed an unseen horror
  8928 | D:11     | Killed an unseen horror
  9135 | D:11     | Received a gift from Trog
  9239 | D:11     | Reached XP level 12. HP: 54/70 MP: 12/12
  9247 | D:11     | Reached skill level 16 in Maces & Flails
  9282 | D:11     | Noticed Josephine
  9289 | D:11     | Killed Josephine
  9629 | D:11     | Found a staircase to the Lair.
  9707 | D:11     | Found Bescheokh's Armour Shoppe.
  9811 | D:11     | You fall through a shaft for 2 floors!
  9848 | D:13     | Noticed a two-headed ogre
  9851 | D:13     | Noticed a centaur warrior
  9857 | D:13     | Killed a two-headed ogre
  9860 | D:13     | Killed a centaur warrior
 10074 | D:13     | Noticed a two-headed ogre
 10092 | D:13     | Killed a two-headed ogre
 10173 | D:13     | Reached skill level 17 in Maces & Flails
 10342 | D:13     | Noticed a death knight
 10366 | D:13     | Killed a death knight
 10701 | D:12     | Noticed a two-headed ogre
 10728 | D:12     | Killed a two-headed ogre
 10768 | D:12     | Reached skill level 18 in Maces & Flails
 11034 | D:12     | Found Biecraerr's General Store.
 11086 | D:12     | Bought a scroll of magic mapping for 45 gold pieces
 11162 | D:12     | Reached XP level 13. HP: 72/74 MP: 13/13
 11646 | D:13     | Received a gift from Trog
 11715 | D:13     | Noticed an ettin
 11727 | D:13     | Killed an ettin
 12171 | D:13     | Reached skill level 19 in Maces & Flails
 12184 | D:13     | HP: 3/74 [large slime creature (23)]
 12200 | D:13     | Slain by a meliai simulacrum

Skill      XL: |  1  2  3  4  5  6  7  8  9 10 11 12 13 |
---------------+----------------------------------------+-----
Dodging        | 2 3 5 |  5.0
Armour         | 3 4 5 6 |  6.0
Fighting       | 4 5 6 |  6.0
Maces & Flails | 4 5 7 10 13 15 18 19 | 19.0

Action                   |  1- 3 |  4- 6 |  7- 9 | 10-12 | 13-15 || total
-------------------------+-------+-------+-------+-------+-------++-------
Melee: Mace              |    96 |   104 |       |       |       ||   200
       Flail             |       |    22 |   147 |       |       ||   169
       Whip              |       |       |   351 |  1027 |   240 ||  1618
Invok: Berserk           |       |     2 |     2 |     5 |     3 ||    12
       Brothers in Arms  |       |       |       |     9 |     3 ||    12
       Trog's Hand       |       |       |       |     2 |       ||     2
 Stab: Distracted        |       |       |       |     1 |       ||     1
  Eat: Chunk             |     2 |     5 |    10 |    19 |     1 ||    37
       Ration            |       |       |     1 |     4 |     2 ||     7
Armor: Animal skin       |    41 |       |       |       |       ||    41
       Plate armour      |     3 |    87 |   362 |   522 |   163 ||  1137
Dodge: Dodged            |    66 |    54 |   221 |   351 |   188 ||   880
